 Dungeon Crawl Stone Soup version 0.27.1 (webtiles) character file.

Game seed: 375633974213003760

75 comborobin the Ruffian (level 4, -2/35 HPs)
             Began as a Palentonga Warper on Aug 21, 2021.
             Slain by Grinder (6 damage)
             ... while paralysed by Grinder
             ... on level 4 of the Dungeon.
             The game lasted 00:02:41 (1865 turns).

comborobin the Ruffian (Palentonga Warper)          Turns: 1865, Time: 00:02:42

Health: -2/35      AC:  4    Str: 16    XL:     4   Next: 11%
Magic:  7/7        EV:  1    Int: 13    God:
Gold:   123        SH:  0    Dex:  9    Spells: 7/7 levels left

rFire    . . .     SeeInvis +   e - +3 spear (distort)
rCold    . . .     Faith    .   (no shield)
rNeg     . . .     Spirit   .   a - +0 leather armour
rPois    .         Reflect  .   (no helmet)
rElec    .         Harm     .   (no cloak)
rCorr    .         Rampage  .   (no gloves)
Will     .....                  (no barding)
Stlth    +.........             (no amulet)
HPRegen  0.11/turn              h - +4 ring of evasion
MPRegen  0.10/turn              (no ring)

@: paralysed
A: large, rugged brown scales 3, see invisible, deformed body, roll 1, armoured
tail
a: Rolling Charge


You were on level 4 of the Dungeon.
You visited 1 branch of the dungeon, and saw 3 of its levels.

You collected 123 gold pieces.

Inventory:

Hand Weapons
 e - a +3 spear of distortion (weapon)
Missiles
 c - 5 boomerangs of dispersal (quivered)
Armour
 a - a +0 leather armour (worn)
Jewellery
 h - a +4 ring of evasion (left hand)
Scrolls
 b - 2 scrolls of blinking
 j - a scroll of magic mapping
Potions
 d - a potion of brilliance {unknown}
 f - a potion of mutation {unknown}


   Skills:
 - Level 2.0 Fighting
 + Level 2.1 Polearms
 - Level 0.6 Throwing
 - Level 0.7 Armour
 - Level 1.5 Dodging
 - Level 3.5 Unarmed Combat
 - Level 2.0 Spellcasting
 - Level 3.0 Translocations


You had 7 spell levels left.
You didn't know any spells.
Your spell library contained the following spells:

 Spells                   Type           Power      Damage    Failure   Level
 Blink                    Tloc           N/A        N/A       14%         2
 Gell's Gravitas          Tloc           4%         N/A       26%         3
 Lesser Beckoning         Tloc           4%         N/A       26%         3
 Teleport Other           Tloc           9%         N/A       26%         3
 Magic Dart               Conj           4%         1d3       30%         1
 Call Imp                 Summ           1%         N/A       43%         2
 Mephitic Cloud           Conj/Pois/Air  1%         N/A       67%         3
 Manifold Assault         Tloc           9%         N/A       94%         5


Dungeon Overview and Level Annotations

Branches:
Dungeon (2/15)

Altars:

Annotations:
D:4 Grinder


Innate Abilities, Weirdness & Mutations

You are completely covered in rugged brown scales. (AC +3, +7% HP)
You have supernaturally acute eyesight. (SInv)
Armour fits poorly on your strangely shaped body.
You can roll at nearby foes to attack.
You have a long armoured tail.


Message History

You fall into a shaft and drop 2 floors!
The shaft crumbles and collapses.
Unknown command.
Okay, then.
Found 12 gold pieces.
Found 20 stones.
You now have 123 gold pieces (gained 12).
Grinder comes into view.
Grinder shouts!
Grinder is nearby!
Grinder gestures at you.
You barely resist. You puncture Grinder! You tail-slap Grinder.
Grinder is moderately wounded.
Grinder blinks!
Grinder gestures at you. Pain shoots through your body!
You hit Grinder but do no damage.
Space bends around Grinder.
Grinder is moderately wounded.
Grinder gestures at you. Pain shoots through your body!
You hit Grinder but do no damage.
Space bends around Grinder.
Grinder is heavily wounded.
Grinder hits you!
You writhe in agony.
* * * LOW HITPOINT WARNING * * *
You hit Grinder. You tail-slap Grinder.
Grinder is almost dead.
Grinder blinks!
You closely miss Grinder.
Grinder is almost dead.
Grinder gestures at you.
You suddenly lose the ability to move!
Grinder gestures at you.
You shrug off the repeated paralysis!
Grinder hits you.
* * * LOW HITPOINT WARNING * * *
You writhe in agony.
* * * LOW HITPOINT WARNING * * *
Grinder hits you.
You die...

#...... ##.......
##........
##.........
##.......... .#
##..........#
...###..........#
#...#..5......#
#.....@.....#....
##..........# .
##........##
##......##
##....## #...##
##.## ##.####
#.#..###


You could see Grinder.

Vanquished Creatures
  A gnoll (D:1)
  An adder (D:2)
  2 worms (D:2)
  A dart slug (D:1)
  An orc (D:2)
  6 ball pythons
  6 bats
  3 endoplasms (D:1)
  2 giant cockroaches (D:1)
  8 goblins
  3 hobgoblins
  A quokka (D:1)
  4 frilled lizards
  A kobold (D:2)
  5 rats
45 creatures vanquished.

Vanquished Creatures (others)
  8 withered plants (D:2)
8 creatures vanquished.

Grand Total: 53 creatures vanquished

Notes
Turn   | Place    | Note
-------+----------+-------------------------------------------
     0 | D:1      | comborobin the Palentonga Warper began the quest for the
                  | Orb.
     0 | D:1      | Reached XP level 1. HP: 17/17 MP: 3/3
   195 | D:1      | Reached XP level 2. HP: 22/23 MP: 5/5
   363 | D:1      | Reached XP level 3. HP: 12/28 MP: 6/6
   892 | D:1      | Reached skill level 1 in Polearms
  1584 | D:2      | Found a faded altar of an unknown god.
  1586 | D:2      | Reached XP level 4. HP: 35/35 MP: 7/7
  1802 | D:2      | You fall into a shaft and drop 2 floors!
  1851 | D:4      | Noticed Grinder
  1862 | D:4      | Paralysed by Grinder for 5 turns
  1865 | D:4      | Slain by Grinder

Illustrated notes

Levels and vault maps discovered:
D:1:      onia_arrival_handbag, layout_basic, minmay_pentomino_s2
D:2:      layout_loops_cross, ebering_ecumenical_altar_petrified,
          kennysheep_crisscross, grunt_decor_arrowhead
D:4:      layout_cave_pods, minmay_pentomino_pile, uniq_grinder, uniq_edmund

Skill      XL: |  1  2  3  4 |
---------------+-------------+-----
Unarmed Combat | 3 |  3.5
Polearms       | 1 2 |  2.1
Fighting       | |  2.0
Throwing       | |  0.6
Armour         | |  0.7
Dodging        | |  1.5
Spellcasting   | |  2.0
Translocations | |  3.0

Action                   |  1- 3 |  4- 6 || total
-------------------------+-------+-------++-------
Melee: Unarmed           |    49 |       ||    49
       Tailslap          |    11 |     3 ||    14
       Spear             |    64 |    18 ||    82
  Use: Scroll            |     4 |       ||     4
Armor: Leather armour    |    43 |     1 ||    44
Dodge: Dodged            |    56 |     1 ||    57
